 Dungeon Crawl Stone Soup version 0.20.1-1-g8b1a95d (webtiles) character file.

252 KleinerIrrer the Magician (level 5, -5/35 HPs)
             Began as a Mummy Ice Elementalist on July 7, 2017.
             Slain by a two-headed ogre
             ... wielding a +0 giant spiked club
              (6 damage)
             ... on level 4 of the Dungeon on July 9, 2017.
             The game lasted 00:14:33 (4919 turns).

KleinerIrrer the Magician (Mummy Ice Elementalist)  Turns: 4919, Time: 00:14:34

Health: -5/35      AC:  4    Str: 11    XL:     5   Next: 89%
Magic:  8/12       EV: 12    Int: 15    God:
Gold:   214        SH:  0    Dex: 13    Spells: 7/14 levels left

rFire    x . .     SeeInvis .   m - +0 dagger (drain)
rCold    + . .     Gourm    .   (no shield)
rNeg     + + +     Faith    .   a - +0 robe
rPois    ∞         Spirit   .   e - +0 helmet
rElec    .         Reflect  .   (no cloak)
rCorr    .         Harm     .   (no gloves)
MR       .....                  l - +0 pair of boots
Stlth    ++........             (no amulet)
Regen    0.2/turn               f - +4 ring of slaying
MPRegen  0.2/turn               (no ring)

@: no status effects
A: no food or potions, fire vulnerability, cold resistance 1, negative energy
resistance 3, torment resistance, unbreathing
a: no special abilities


You were on level 4 of the Dungeon.
You were not hungry.

You visited 1 branch of the dungeon, and saw 4 of its levels.

You collected 214 gold pieces.

Inventory:

Hand Weapons
 j - a +0 dagger
 m - a +0 dagger of draining (weapon)
Armour
 a - a +0 robe (worn)
 e - a +0 helmet (worn)
 l - a +0 pair of boots (worn)
Jewellery
 f - a +4 ring of slaying (left hand)
Wands
 k - a wand of confusion (29/48)
Scrolls
 c - 4 scrolls of recharging {unknown}
 d - 3 scrolls of identify {unknown}
 g - 2 scrolls of teleportation {unknown}
 h - a scroll of remove curse
 i - a scroll of random uselessness
Books
 b - a book of Frost

   Spells                             Type                      Level
   a - Freeze                         Ice                          1
   b - Throw Frost                    Conjuration/Ice              2
   c - Ozocubu's Armour               Charms/Ice                   3
   d - Throw Icicle                   Conjuration/Ice              4
   e - Summon Ice Beast               Ice/Summoning                4


   Skills:
 - Level 2.0 Dodging
 - Level 1.6 Stealth
 + Level 5.2 Spellcasting
 - Level 0.7 Conjurations
 * Level 0.5 Summonings
 + Level 4.2 Ice Magic


You had 7 spell levels left.
You knew the following spells:

 Your Spells              Type           Power        Failure   Level  Hunger
a - Freeze                Ice            ###.         2%          1    N/A
b - Throw Frost           Conj/Ice       ##....       9%          2    N/A
c - Summon Ice Beast      Ice/Summ       ##......     52%         4    N/A

Dungeon Overview and Level Annotations

Branches:
Dungeon (4/15)
 Temple: D:4-7

Altars:


Innate Abilities, Weirdness & Mutations

You do not eat or drink.
Your flesh is vulnerable to fire.
You are immune to poison.
Your flesh is cold resistant. (rC+)
You are immune to negative energy. (rN+++)
You are immune to unholy pain and torment.
You can survive without breathing.


Message History

Casting: Throw Frost
Confirm with . or Enter, or press ? or * to list all spells.
Aiming: Freeze
Press: ? - help, Shift-Dir - straight line, f/p - two-headed ogre
Aim: a two-headed ogre, wielding a giant spiked club and a giant club (lightly wounded)
You freeze the two-headed ogre.
The two-headed ogre is moderately wounded.
The two-headed ogre hits you with a giant spiked club!!
Ouch! That really hurt!
The two-headed ogre hits you with a giant club!
* * * LOW HITPOINT WARNING * * *
Unknown command.
You can't drink.
As you read the scroll labeled MUIPSIBRIE, it crumbles to dust.
You feel blessed for a moment.
It was a scroll of remove curse.
As you read the scroll labeled YPOS XYTWIOTS, it crumbles to dust.
Your +0 dagger of draining glows pulsating brown for a moment.
It was a scroll of random uselessness.
The two-headed ogre closely misses you.
The two-headed ogre hits you with a giant club.
You die...

######..#######
#.....)..
#......>.
##......#
#.......#
#####.......#
#...........#
#(##........#
#@O.......#
#.........#
#.........#
###.......#
..##.#### ##.
... .# ## .#


You could see a two-headed ogre.

Vanquished Creatures
  An orc priest (D:3)
  Natasha (thrice) (D:3)
  Robin (D:3)
  2 adders
  A gnoll (D:1)
  An ooze (D:2)
  3 worms
  4 dart slugs
  7 leopard geckos
  7 orcs
  A giant cockroach (D:2)
  15 goblins
  7 hobgoblins
  A quokka (D:2)
  A ball python (D:3)
  8 bats
  4 frilled lizards
  4 kobolds
  10 rats
81 creatures vanquished.

Notes
Turn   | Place    | Note
-------+----------+-------------------------------------------
     0 | D:1      | KleinerIrrer the Mummy Ice Elementalist began the quest for the Orb.
     0 | D:1      | Reached XP level 1. HP: 13/13 MP: 4/4
   615 | D:1      | Reached XP level 2. HP: 12/19 MP: 1/5
  1017 | D:1      | Reached skill level 3 in Spellcasting
  1017 | D:1      | Reached XP level 3. HP: 8/24 MP: 1/7
  1890 | D:1      | Learned a level 2 spell: Throw Frost
  2158 | D:2      | Reached XP level 4. HP: 30/30 MP: 4/9
  2342 | D:2      | Reached skill level 4 in Spellcasting
  2967 | D:3      | Found a faded altar of an unknown god.
  3366 | D:3      | Noticed Robin
  3383 | D:3      | Killed Robin
  3630 | D:3      | Learned a level 4 spell: Summon Ice Beast
  3650 | D:3      | Noticed Natasha
  3653 | D:3      | Killed Natasha
  3653 | D:3      | Reached XP level 5. HP: 30/35 MP: 6/12
  4029 | D:3      | Noticed Natasha
  4045 | D:3      | Killed Natasha
  4690 | D:3      | Reached skill level 5 in Spellcasting
  4788 | D:3      | Noticed Natasha
  4798 | D:3      | Killed Natasha
  4908 | D:4      | Noticed a two-headed ogre
  4917 | D:4      | HP: 1/35 [two-headed ogre/giant spiked club (14)]
  4919 | D:4      | Slain by a two-headed ogre

Skill      XL: |  1  2  3  4  5 |
---------------+----------------+-----
Ice Magic      | 3 4 |  4.2
Spellcasting   | 3 4 5 |  5.2
Dodging        | 2 |  2.0
Stealth        | |  1.6
Conjurations   | |  0.7
Summonings     | |  0.5

Action                   |  1- 3 |  4- 6 || total
-------------------------+-------+-------++-------
Melee: Unarmed           |     1 |       ||     1
       Dagger            |       |    72 ||    72
 Cast: Freeze            |    56 |    41 ||    97
       Throw Frost       |     5 |    36 ||    41
  Use: Scroll            |       |     2 ||     2
 Stab: Sleeping          |       |     4 ||     4
Armor: Robe              |     8 |    16 ||    24
Dodge: Dodged            |    32 |    57 ||    89
